 Dungeon Crawl Stone Soup version 0.28-a0-861-ge64d6db94f (webtiles) character file.

Game seed: 11835249042138920588

66 a11behringer the Cudgeller (level 3, 0/33 HPs)
             Began as a Draconian Berserker on Nov 16, 2021.
             Was a Believer of Trog.
             Slain by Crazy Yiuf (11 damage)
             ... on level 3 of the Dungeon.
             The game lasted 00:04:30 (1983 turns).

a11behringer the Cudgeller (Draconian Berserker)    Turns: 1983, Time: 00:04:31

Health: 0/33       AC:  5    Str: 20    XL:     3   Next: 96%
Magic:  0/3        EV: 12    Int:  7    God:    Trog [**....]
Gold:   50         SH:  0    Dex: 10    Spells: 2/2 levels left

rFire   . . .      SeeInvis +   a - +0 mace
rCold   . . .      Faith    .   (no shield)
rNeg    . . .      Spirit   .   (armour unavailable)
rPois   .          Reflect  .   (helmet restricted)
rElec   .          Harm     .   (no cloak)
rCorr   .          Rampage  .   (no gloves)
Will    .....                   (no boots)
Stlth   +.........              (no amulet)
HPRegen 0.11/turn               e - ring of see invisible
MPRegen 0.08/turn               (no ring)

@: no status effects
A: AC +5, unfitting armour, cold-blooded
a: Renounce Religion, Berserk, Trog's Hand


You were on level 3 of the Dungeon.
You worshipped Trog.
Trog was pleased with you.
You visited 1 branch of the dungeon, and saw 3 of its levels.

You collected 50 gold pieces.

Inventory:

Hand Weapons
 a - a +0 mace (weapon)
Missiles
 d - 2 silver javelins (quivered)
Jewellery
 e - a ring of see invisible (left hand)
Scrolls
 f - a scroll of amnesia {unknown}
 g - a scroll of fear {unknown}
Potions
 b - a potion of haste
 c - a potion of berserk rage {unknown}


   Skills:
 + Level 3.8 Fighting
 * Level 3.9 Maces & Flails
 + Level 3.3 Dodging
 + Level 0.3 Stealth


You had 2 spell levels left.
You didn't know any spells.
Your spell library was empty.

Dungeon Overview and Level Annotations

Branches:
Dungeon (3/15)

Altars:

Portals:
Abyss: D:1***

Annotations:
D:3 Crazy Yiuf


Innate Abilities, Weirdness & Mutations

Your plain brown scales are hard. (AC +5)
You cannot fit into any form of body armour.
You are cold-blooded and may be slowed by cold attacks.


Message History

You climb downwards.
Found 4 gold pieces.
Found a stone staircase leading down.
There is a stone staircase leading up here.
You now have 50 gold pieces (gained 4).
Found a whip.
There is a stone staircase leading down here.
Found 18 arrows.
Found a stone staircase leading down.
Found a mace and 20 stones.
Found a mace.
Found an escape hatch in the floor.
There is an escape hatch in the floor here.
There is an escape hatch in the floor here.
Found a mace.
You see here a +0 mace.
Found seven maces.
Found a runed translucent door.
You see here a +0 mace.
Found a mace.
Crazy Yiuf shouts!
You see here a +0 mace.
You see here a +0 mace.
Found three maces.
You see here a +0 mace.
You open the door. You hit Crazy Yiuf.
Crazy Yiuf is lightly wounded.
Crazy Yiuf hits you with a +2 quarterstaff of chaos.
You feel yourself slow down. Crazy Yiuf freezes you.
Crazy Yiuf barely misses you.
You completely miss Crazy Yiuf.
Crazy Yiuf is lightly wounded.
Crazy Yiuf hits you with a +2 quarterstaff of chaos!
You feel your power leaking away.
Crazy Yiuf hits you with a +2 quarterstaff of chaos!
Crazy Yiuf draws strength from your wounds!
You hit Crazy Yiuf.
Crazy Yiuf is moderately wounded.
You feel yourself speed up.
Crazy Yiuf hits you with a +2 quarterstaff of chaos!
You die...

#......##.#.#.#.#.
###.........#.#.#.
#...........#.#.
###########.#.#.
####.#.#. #....#.#.
### ♣♣##........
#)))#♣♣ ♣♣.#...#(#.##
#.))g@♣♣♣♣......#.#.#
#)))#♣))♣)..........#
### ♣♣♣)♣).#....>###
♣♣♣♣♣###.#(# #.#.#
#.... .#.## .#.# .. .


You could see Crazy Yiuf.

Vanquished Creatures
  3 adders (D:2)
  A worm (D:2)
  5 bats
  3 endoplasms (D:1)
  A giant cockroach (D:2)
  3 goblins (D:1)
  2 hobgoblins (D:2)
  3 jackals (D:2)
  3 quokkas
  3 ball pythons (D:2)
  A frilled lizard (D:1)
  6 kobolds
  A rat (D:1)
35 creatures vanquished.

Notes
Turn   | Place    | Note
-------+----------+-------------------------------------------
     0 | D:1      | a11behringer the Draconian Berserker began the quest for
                  | the Orb.
     0 | D:1      | Reached XP level 1. HP: 19/19 MP: 1/1
   233 | D:1      | Found a faded altar of an unknown god.
   353 | D:1      | Reached XP level 2. HP: 25/26 MP: 2/2
   859 | D:2      | Reached XP level 3. HP: 28/31 MP: 3/3
   970 | D:2      | Reached ** piety under Trog
  1976 | D:3      | Found a runed translucent door.
  1977 | D:3      | Noticed Crazy Yiuf
  1983 | D:3      | Slain by Crazy Yiuf

Illustrated notes

Levels and vault maps discovered:
D:1:      minmay_arrival_glassed_features, layout_loops_ring,
          shapermc_ecumenical_altar_acropolis, st_stairs_1
D:2:      layout_basic
D:3:      layout_basic, gammafunk_ghost_mausoleum,
          amcnicky_mini_corridor_feature, hangedman_decor_opposing,
          uniq_sigmund, uniq_crazy_yiuf_cottage

Skill      XL: |  1  2 |
---------------+-------+-----
Dodging        | 3 |  3.3
Fighting       | |  3.8
Maces & Flails | |  3.9
Stealth        | |  0.3

Action                   || total
-------------------------++-------
Melee: Mace              ||   103
       Tailslap          ||    12
  Use: Scroll            ||     1
Armor: Skin              ||    40
Dodge: Dodged            ||    95

Table legend: (Time is in decaauts)
 A = Elapsed time spent in this place.
 B = Non-inter-level travel time spent in this place.
 C = Inter-level travel time spent in this place.
 D = Time resting spent in this place.
 E = Time spent auto-exploring this place.
 F = Levels seen in this place.
 G = Mean time per level.
                   A        B        C        D        E       F      G
               +--------+--------+--------+--------+--------+-----+--------+
         Total |   2010 |   1838 |    172 |      0 |   1571 |   3 |  670.0 |
       Dungeon |   2010 |   1838 |    172 |      0 |   1571 |   3 |  670.0 |
               +--------+--------+--------+--------+--------+-----+--------+

Top non-repeatable levels by time:
     D:2: 1021 daAuts
     D:1: 832 daAuts
     D:3: 155 daAuts
